 Dungeon Crawl Stone Soup version 0.18-a0-425-ge088ad1 (webtiles) character file.

537 George the Poker (level 7, -7/52 HPs)
             Began as a Formicid Fighter on Nov 30, 2015.
             Mangled by an ogre
             ... wielding a cursed -3 giant club
              (24 damage)
             ... on level 4 of the Dungeon.
             The game lasted 00:06:28 (3464 turns).

George the Poker (Formicid Fighter)                 Turns: 3464, Time: 00:06:28

Health: -7/52      AC:  6    Str: 27    XL:     7   Next: 50%
Magic:  7/7        EV:  8    Int:  7    God:
Gold:   169        SH: 10    Dex: 10    Spells: 0 memorised, 6 levels left

rFire  . . .     SeeInvis +     a - +0 trident
rCold  . . .     Clarity  .     b - +0 scale mail
rNeg   . . .     SustAt   .     c - +0 shield
rPois  .         Gourm    .     (helmet unavailable)
rElec  .         Spirit   .     (no cloak)
rCorr  .         Dsmss    .     (no gloves)
rMut   .         Stasis   +     (no boots)
MR     .....                    (no amulet)
Stlth  ..........               (no ring)
                                x - +4 ring of strength

@: not resistant to hostile enchantments, extremely unstealthy
A: permanent stasis, dig shafts and tunnels, four strong arms, antennae 3
a: Dig, Shaft Self


You were on level 4 of the Dungeon.
You were not hungry.

You visited 1 branch of the dungeon, and saw 4 of its levels.
You also visited: Sewer.

You collected 169 gold pieces.

Inventory:

Hand Weapons
 a - a +0 trident (weapon)
Armour
 b - a +0 scale mail (worn)
 c - a +0 shield (worn)
Jewellery
 x - a +4 ring of strength (left hand)
Wands
 u - a wand of cold (10)
Scrolls
 f - 4 scrolls of remove curse
 i - a scroll of teleportation {unknown}
 k - 2 scrolls of fear {unknown}
 l - a scroll of enchant weapon {unknown}
 n - a scroll of enchant armour {unknown}
 o - a scroll of magic mapping {unknown}
 q - a scroll of recharging {unknown}
 y - a scroll of immolation {unknown}
 A - a scroll of identify {unknown}
Potions
 g - 2 potions of resistance {unknown}
 j - a potion of magic {unknown}
 m - 3 potions of brilliance {unknown}
 s - a potion of flight {unknown}
 t - a potion of agility {unknown}
 v - 2 potions of curing {unknown}
Comestibles
 e - 4 bread rations
 h - 4 fruits
 w - 2 meat rations


   Skills:
 - Level 3.2 Fighting
 + Level 7.7 Polearms
 - Level 3.2 Armour
 - Level 3.6 Shields


You had 6 spell levels left.
You didn't know any spells.

Dungeon Overview and Level Annotations

Branches:
Dungeon (4/15)
 Temple: D:4-7

Altars:
Dithmenos


Innate Abilities, Weirdness & Mutations

You are under a permanent stasis effect.
You can dig through walls and to a lower floor.
Your four strong arms can wield two-handed weapons with a shield.
You have a pair of large antennae on your head (SInv).


Message History

Press: ? - help, Dir - move target cursor, f - ogre
Aim: an ogre, wielding a giant club You reach to attack!
You hit the ogre but do no damage. You hit the ogre.
The ogre is moderately wounded.
The ogre hits you with a giant club!!
Ouch! That really hurt!
* * * LOW HITPOINT WARNING * * *
Things that are here:
a ring mail; an adder corpse An iguana comes into view.
Evoke which item? (* to show all) (? for menu, Esc to quit)
Zapping:
u - a wand of cold (will waste charges)
Press: ? - help, Shift-Dir - straight line, f/p - ogre
Aim: an ogre, wielding a giant club (lightly wounded)
The bolt of cold hits the ogre.
The ogre is severely wounded.
Evoking this partially-identified wand wasted a few charges.
The ogre hits you with a giant club!!
You die...

# #...# #. #.^.#
#.###...#### #.........#
... ##........####. ..#
#.............. ...
#.###...######## .. # ##
#O..# ###.#.#
##@..#######.....#
#...##..........#
##.####...#......#
###...#............###
##.(..{................
##......#...>........###
#.#.#..####...#......# #
#.#....# #...###.#..# #
#.###..# ###.# #.#..###


You could see an ogre.

Vanquished Creatures
  Purgy (Sewer)
  The ghost of xeno23 the Gusty, an amateur DgAE (D:3)
  A water moccasin skeleton (D:4)
  2 orc wizards (D:4)
  A hound (D:3)
  2 worker ants (D:4)
  7 adders
  An adder skeleton (D:4)
  4 worms
  4 giant geckos
  15 orcs
  5 bats
  3 giant cockroaches
  8 hobgoblins
  2 jackals (Sewer)
  12 kobolds
  A quokka (D:3)
  A ball python (D:2)
  2 giant newts
  7 goblins
  5 rats
85 creatures vanquished.

Notes
Turn   | Place    | Note
--------------------------------------------------------------
     0 | D:1      | George the Formicid Fighter began the quest for the Orb.
     0 | D:1      | Reached XP level 1. HP: 18/18 MP: 1/1
     0 | D:1      | Noticed a large abomination
     0 | D:1      | Noticed an iron dragon
     3 | D:1      | Noticed a shadow dragon
     5 | D:1      | Noticed a large abomination
     6 | D:1      | Noticed an iron dragon
     7 | D:1      | Noticed a purple draconian
     8 | D:1      | Noticed an iron dragon
    10 | D:1      | Noticed a black draconian
    10 | D:1      | Noticed a shadow dragon
    12 | D:1      | Noticed a large abomination
    14 | D:1      | Noticed an ice dragon
    16 | D:1      | Noticed a tentacled monstrosity
    18 | D:1      | Noticed a large abomination
    18 | D:1      | Noticed an iron dragon
    20 | D:1      | Noticed an ice dragon
    99 | D:1      | Reached XP level 2. HP: 22/24 MP: 2/2
   823 | D:2      | Reached XP level 3. HP: 19/29 MP: 3/3
  1472 | D:2      | Reached XP level 4. HP: 35/35 MP: 4/4
  1474 | D:2      | Reached skill level 4 in Polearms
  1719 | D:3      | Found a glowing drain.
  2019 | Sewer    | Entered a sewer
  2270 | Sewer    | Noticed Purgy
  2286 | Sewer    | Killed Purgy
  2286 | Sewer    | Reached skill level 5 in Polearms
  2286 | Sewer    | Reached XP level 5. HP: 30/41 MP: 5/5
  2286 | Sewer    | Reached XP level 6. HP: 34/47 MP: 6/6
  2491 | D:3      | Reached skill level 6 in Polearms
  2686 | D:3      | Noticed xeno23's ghost (amateur DgAE)
  2695 | D:3      | Killed xeno23's ghost
  2798 | D:3      | Found a shadowy altar of Dithmenos.
  3007 | D:4      | Reached skill level 7 in Polearms
  3007 | D:4      | Reached XP level 7. HP: 35/52 MP: 7/7
  3464 | D:4      | Mangled by an ogre

Vault maps used:
D:1:      shiori_arrival_whats_in_store_for_you
D:3:      lemuel_round_altar, gup_sewer_entry_glass, st_stairs_6,
          minmay_misc_feat_cross
D:4:      minmay_opposing_rooms, vehumet_altar_wand_db, first_bread
Sewer:    sewer_the_crocodile

Action                   |  1- 3 |  4- 6 |  7- 9 || total
-------------------------+-------+-------+-------++-------
Melee: Trident           |   145 |   182 |    63 ||   390
Evoke: Wand              |       |       |     1 ||     1
  Use: Scroll            |       |     1 |       ||     1
       Potion            |       |     1 |       ||     1
  Eat: Chunk             |     2 |     5 |     2 ||     9
